 Dungeon Crawl Stone Soup version 0.29-a0-284-gf9362112df (webtiles) character file.

Game seed: 14312176627929087508

84 sammy202020 the Chopper (level 4, 0/58 HPs)
             Began as a Palentonga Berserker on Mar 30, 2022.
             Was a Believer of Trog.
             Slain by Natasha (2 damage)
             ... on level 2 of the Dungeon.
             The game lasted 00:02:41 (2040 turns).

sammy202020 the Chopper (Palentonga Berserker)      Turns: 2040, Time: 00:02:41

Health: 0/58       AC:  6    Str: 21    XL:     4   Next: 23%
Magic:  4/4        EV: 12    Int:  9    God:    Trog [**....]
Gold:   121        SH:  0    Dex:  9    Spells: 3/3 levels left

rFire   . . .      SeeInvis +   a - +0 hand axe
rCold   . . .      Faith    .   h - orb {light}
rNeg    . . .      Spirit   .   b - +0 scale mail
rPois   .          Reflect  .   (no helmet)
rElec   .          Harm     .   (no cloak)
rCorr   .          Rampage  .   (no gloves)
Will    .....                   (no barding)
Stlth   ..........              (no amulet)
HPRegen 0.19/turn               e - +4 ring of evasion
MPRegen 0.09/turn               (no ring)

@: berserking, slowed, glowing
A: large, rugged brown scales 3, see invisible, deformed body, roll 1, armoured
tail
a: Rolling Charge, Renounce Religion, Berserk, Trog's Hand


You were on level 2 of the Dungeon.
You worshipped Trog.
Trog was pleased with you.
You visited 1 branch of the dungeon, and saw 2 of its levels.

You collected 121 gold pieces.

Inventory:

Hand Weapons
 a - a +0 hand axe (weapon)
Armour
 b - a +0 scale mail (worn)
 h - an orb of light (worn)
Jewellery
 e - a +4 ring of evasion (left hand)
Scrolls
 c - 2 scrolls of identify {unknown}
 f - a scroll of vulnerability {unknown}
 g - 3 scrolls of teleportation {unknown}
 i - a scroll of noise {unknown}
 j - 3 scrolls of holy word {unknown}
Potions
 d - a potion of curing {unknown}
 k - a potion of haste
 l - a potion of resistance {unknown}
 m - a potion of might {unknown}


   Skills:
 * Level 3.7 Fighting
 * Level 3.7 Axes
 * Level 2.3 Armour
 + Level 2.0 Dodging


You had 3 spell levels left.
You didn't know any spells.
Your spell library was empty.

Dungeon Overview and Level Annotations

Branches:
Dungeon (2/15)

Altars:

Shops:
D:2 (

Annotations:
D:2 Natasha


Innate Abilities, Weirdness & Mutations

You are completely covered in rugged brown scales. (AC +3, +7% HP)
You have supernaturally acute eyesight. (SInv)
Armour fits poorly on your strangely shaped body.
You can roll at nearby foes to attack.
You have a long armoured tail.


Message History

The crimson imp hits you but does no damage.
Natasha stares at you and mumbles some strange words.
You feel as though you will be slow longer.
You hit the crimson imp.
The crimson imp is almost dead.
You barely miss Natasha. Natasha claws you. The crimson imp closely misses you.
Natasha zaps a wand.
The puff of flame hits you.
The crimson imp hits you but does no damage.
You hit the crimson imp.
You kill the crimson imp!
The crimson imp disappears in a puff of smoke!
You barely miss Natasha. Natasha barely misses you.
Natasha zaps a wand.
The puff of flame hits you.
The crimson imp hits you but does no damage.
Natasha claws you.
You hit Natasha.
Natasha is moderately wounded.
You hit the crimson imp but do no damage.
Natasha misses you. The crimson imp hits you.
* * * LOW HITPOINT WARNING * * *
Natasha casts a spell at you. The magic dart hits you.
* * * LOW HITPOINT WARNING * * *
The crimson imp barely misses you.
A red film seems to cover your vision as you go berserk!
You feel yourself moving faster!
You feel mighty!
The crimson imp disappears in a puff of smoke!
Natasha zaps a wand.
The puff of flame hits you but does no damage.
Natasha claws you.
* * * LOW HITPOINT WARNING * * *
You barely miss Natasha.
Natasha is moderately wounded.
Natasha zaps a wand.
The puff of flame hits you!
* * * LOW HITPOINT WARNING * * *
Natasha claws you but does no damage.
You closely miss Natasha.
Natasha is moderately wounded.
Natasha claws you.
You die...

.##....# #...######<##.##..
<##...^# ##.## #.# .......#
#.# #.# ###.).## #.# #.# #
#...# #.# ###.#####. #
#...#########.### #..†......#
###..(......#.....#
#.......###
..........>.......###†......#
...............h@...........#
.................#..#.......#
###.........#...##..#.......#
# #...########.# #..#.......#
# #...# #. #...######## #...#
#. ...#. #...# # ...)##.
#...# #..## .. #...#######


You could see Natasha (fast).

Vanquished Creatures
  Natasha (twice) (D:2)
  2 dart slugs
  3 ball pythons (D:1)
  5 endoplasms
  A giant cockroach (D:1)
  5 goblins
  4 hobgoblins (D:1)
  A quokka (D:1)
  A bat (D:1)
  A frilled lizard (D:2)
  A kobold (D:2)
  4 rats (D:1)
30 creatures vanquished.

Vanquished Creatures (others)
  4 plants (D:1)
4 creatures vanquished.

Grand Total: 34 creatures vanquished

Notes
Turn   | Place    | Note
-------+----------+-------------------------------------------
     0 | D:1      | sammy202020 the Palentonga Berserker began the quest for
                  | the Orb.
     0 | D:1      | Reached XP level 1. HP: 19/19 MP: 1/1
   311 | D:1      | Reached XP level 2. HP: 23/25 MP: 2/2
   341 | D:1      | HP: 1/25 [rat (2)]
  1648 | D:2      | Found Girchynou's Antique Weapon Shop.
  1654 | D:2      | Reached XP level 3. HP: 28/31 MP: 3/3
  1848 | D:2      | Noticed Natasha
  1855 | D:2      | Killed Natasha
  1896 | D:2      | Noticed Natasha
  1903 | D:2      | Killed Natasha
  1903 | D:2      | Reached ** piety under Trog
  1904 | D:2      | Reached XP level 4. HP: 23/39 MP: 4/4
  2026 | D:2      | Noticed Natasha
  2039 | D:2      | HP: 2/58 [Natasha/puff of flame (7)]
  2040 | D:2      | Slain by Natasha

Illustrated notes

Levels and vault maps discovered:
D:1:      saegor_arrival_simple_b, layout_loops_corners, serial_bayou,
          serial_bayou_ford_a, serial_bayou_pond_d, serial_bayou_pond_a,
          serial_bayou_shore_b
D:2:      layout_loops_cross, serial_shops,
          nicolae_shop_temple_entry_statues_fountains, uniq_jessica,
          uniq_natasha

Skill      XL: |  1  2  3 |
---------------+----------+-----
Armour         | 2 |  2.3
Dodging        | 2 |  2.0
Fighting       | |  3.7
Axes           | |  3.7

Action                   |  1- 3 |  4- 6 || total
-------------------------+-------+-------++-------
Melee: Hand axe          |    89 |    11 ||   100
       Tailslap          |     9 |       ||     9
Invok: Berserk           |     1 |     1 ||     2
 Abil: Rolling Charge    |     4 |       ||     4
Armor: Animal skin       |    32 |       ||    32
       Scale mail        |     2 |    10 ||    12
Dodge: Dodged            |    52 |     8 ||    60

Table legend: (Time is in decaauts)
 A = Elapsed time spent in this place.
 B = Non-inter-level travel time spent in this place.
 C = Inter-level travel time spent in this place.
 D = Time resting spent in this place.
 E = Time spent auto-exploring this place.
 F = Levels seen in this place.
 G = Mean time per level.
                   A        B        C        D        E       F      G
               +--------+--------+--------+--------+--------+-----+--------+
         Total |   2076 |   2044 |     32 |    491 |   1216 |   2 | 1038.0 |
       Dungeon |   2076 |   2044 |     32 |    491 |   1216 |   2 | 1038.0 |
               +--------+--------+--------+--------+--------+-----+--------+

Top non-repeatable levels by time:
     D:1: 1523 daAuts
     D:2: 553 daAuts
